 Dungeon Crawl Stone Soup version 0.28.0-53-g5a82cb258f (webtiles) character file.

Game seed: 302361567471204832

80 Gabide the Poker (level 4, -3/28 HPs)
             Began as a Tengu Monk on June 14, 2022.
             Was a Priest of Sif Muna.
             Splashed by a jelly's acid (5 damage)
             ... on level 3 of the Dungeon.
             The game lasted 00:01:43 (1405 turns).

Gabide the Poker (Tengu Monk)                       Turns: 1405, Time: 00:01:44

Health: -3/28      AC:  2    Str: 11    XL:     4   Next: 39%
Magic:  5/5        EV: 14    Int: 11    God:    Sif Muna [***...]
Gold:   105        SH:  0    Dex: 18    Spells: 3/3 levels left

rFire   . . .      SeeInvis .   a - +0 spear
rCold   . . .      Faith    .   (no shield)
rNeg    . . .      Spirit   .   b - +0 robe
rPois   .          Reflect  .   (helmet restricted)
rElec   .          Harm     .   (no cloak)
rCorr   .          Rampage  .   (no gloves)
Will    .....                   (boots unavailable)
Stlth   ++........              (no amulet)
HPRegen 0.09/turn               (no ring)
MPRegen 0.09/turn               (no ring)

@: no status effects
A: beak, talons 3
a: Renounce Religion, Channel Magic, Forget Spell


You were on level 3 of the Dungeon.
You worshipped Sif Muna.
Sif Muna was most pleased with you.
You visited 1 branch of the dungeon, and saw 4 of its levels.

You collected 105 gold pieces.

Inventory:

Hand Weapons
 a - a +0 spear (weapon)
Armour
 b - a +0 robe (worn)
Jewellery
 i - a +6 ring of intelligence
Scrolls
 d - 4 scrolls of immolation {unknown}
 e - 2 scrolls of identify {unknown}
 g - 2 scrolls of magic mapping {unknown}
 j - a scroll of fog {unknown}
 k - a scroll of silence {unknown}
Potions
 c - a potion of curing {unknown}
 f - a potion of heal wounds {unknown}
 h - a potion of lignification {unknown}


   Skills:
 - Level 3.1 Fighting
 + Level 5.1 Polearms
 - Level 3.7 Dodging
 - Level 2.0 Stealth


You had 3 spell levels left.
You didn't know any spells.
Your spell library contained the following spells:

 Spells                   Type           Power      Damage    Failure   Level
 Confusing Touch          Hex            0%         N/A       71%         3
 Yara's Violent Unravell  Hex/Tmut       0%         3d3       100%        5
 Enfeeble                 Hex            0%         N/A       100%        7


Dungeon Overview and Level Annotations

Branches:
Dungeon (4/15)
 Temple: D:4-7

Altars:
Sif Muna


Innate Abilities, Weirdness & Mutations

You have a beak for a mouth.
You have claws for feet.


Message History

The centaur skeleton hits you. The centaur skeleton barely misses you.
The water moccasin skeleton barely misses you.
You hit the centaur skeleton but do no damage.
The centaur skeleton is severely damaged.
The centaur skeleton barely misses you.
The centaur skeleton closely misses you.
You hit the centaur skeleton.
The centaur skeleton is severely damaged.
The centaur skeleton barely misses you. The centaur skeleton kicks you.
The centaur skeleton barely misses you.
The centaur skeleton closely misses you.
You hit the centaur skeleton. You peck the centaur skeleton.
You destroy the centaur skeleton!
Sif Muna accepts your kill. The jelly completely misses you.
Your Polearms skill increases to level 5!
You have reached level 4!
You feel clever.
There is a stone staircase leading down here.
Found 9 gold pieces.
Found 2 poisoned darts.
Found a red potion.
Found an escape hatch in the ceiling.
You see here a hobgoblin corpse.
An ufetubus comes into view.
The ufetubus shouts!
You hear a shout!
The ufetubus moves out of view.
There is a stone staircase leading up here.
The jelly barely misses you.
The water moccasin skeleton completely misses you.
You climb upwards.
There is a stone staircase leading down here.
You hit the jelly but do no damage.
Your hands burn!
You claw the jelly.
The jelly is lightly wounded.
The jelly hits you but does no damage.
You barely miss the jelly.
The jelly is lightly wounded.
The jelly hits you.
You are splashed with acid!
* * * LOW HITPOINT WARNING * * *
You hit the jelly.
Your hands burn!
You die...

#.##.####
......J@#
#....####
###


You could see a jelly.

Vanquished Creatures
  A centaur skeleton (D:4)
  An adder (D:2)
  An adder skeleton (D:2)
  A worm (D:2)
  A bat zombie (D:2)
  4 endoplasms
  7 goblins
  4 hobgoblins
  A jackal (D:2)
  5 ball pythons
  2 ball python skeletons (D:2)
  3 bats
  2 frilled lizards (D:2)
  A giant cockroach zombie (D:2)
  3 kobolds (D:2)
  4 rats
41 creatures vanquished.

Vanquished Creatures (others)
  4 withered plants (D:2)
4 creatures vanquished.

Grand Total: 45 creatures vanquished

Notes
Turn   | Place    | Note
-------+----------+-------------------------------------------
     0 | D:1      | Gabide the Tengu Monk began the quest for the Orb.
     0 | D:1      | Reached XP level 1. HP: 14/14 MP: 2/2
   110 | D:1      | Found a faded altar of an unknown god.
   138 | D:1      | Prayed at the altar of an unknown god.
   138 | D:1      | Became a worshipper of Sif Muna the Loreminder
   138 | D:1      | Reached * piety under Sif Muna
   138 | D:1      | Reached ** piety under Sif Muna
   236 | D:1      | Reached XP level 2. HP: 19/19 MP: 3/3
   368 | D:1      | Reached *** piety under Sif Muna
   758 | D:2      | Reached skill level 4 in Polearms
   761 | D:2      | Reached XP level 3. HP: 17/23 MP: 4/4
  1351 | D:2      | You fall into a shaft and drop 2 floors!
  1382 | D:4      | Reached skill level 5 in Polearms
  1382 | D:4      | Reached XP level 4. HP: 12/28 MP: 5/5
  1405 | D:3      | Splashed by a jelly's acid

Illustrated notes

Levels and vault maps discovered:
D:1:      elethiomel_arrival_shortcut, layout_rooms,
          hellmonk_ecumenical_altar_crossroads
D:2:      layout_basic, serial_undead, serial_undead_b, serial_undead_a,
          serial_undead_e, serial_undead_e, minmay_tetromino_l4
D:3:      layout_basic
D:4:      layout_rooms, mainiacjoe_overflow_catwalk, minmay_temple_entry_arrows,
          gammafunk_ghost_split, uniq_sigmund, uniq_menkaure

Skill      XL: |  1  2  3 |
---------------+----------+-----
Polearms       | 4 5 |  5.1
Fighting       | |  3.1
Dodging        | |  3.7
Stealth        | |  2.0

Action                   |  1- 3 |  4- 6 || total
-------------------------+-------+-------++-------
Melee: Spear             |    99 |     3 ||   102
       Kick              |    13 |     1 ||    14
       Punch             |     1 |       ||     1
       Peck              |    11 |       ||    11
 Stab: Sleeping          |    10 |       ||    10
Armor: Robe              |     9 |     1 ||    10
Dodge: Dodged            |    72 |     2 ||    74
